 Dungeon Crawl Stone Soup version 0.21-a0-279-g6037ffb (webtiles) character file.

3792 Jeffwins the Basher (level 10, -5/138 HPs)
             Began as an Ogre Fighter on Sept 23, 2017.
             Was an Elder of Okawaru.
             Slain by a komodo dragon (33 damage)
             ... on level 8 of the Dungeon.
             The game lasted 00:14:12 (10255 turns).

Jeffwins the Basher (Ogre Fighter)                 Turns: 10255, Time: 00:14:13

Health: -5/138     AC:  3    Str: 30    XL:     10   Next: 16%
Magic:  10/10      EV:  8    Int:  9    God:    Okawaru [****..]
Gold:   411        SH: 10    Dex: 10    Spells: 9/9 levels left

rFire    . . .     SeeInvis .   E - +3 war axe (elec)
rCold    . . .     Gourm    .   c - +1 shield
rNeg     . . .     Faith    .   b - +0 robe
rPois    .         Spirit   .   (helmet restricted)
rElec    .         Reflect  .   (no cloak)
rCorr    .         Harm     .   (gloves unavailable)
MR       +....                  (boots unavailable)
Stlth    ..........             (no amulet)
HPRegen  0.33/turn              m - +2 ring of strength
MPRegen  0.12/turn              (no ring)

@: berserking, very quick
A: unfitting armour, tough skin 1
a: Heroism, Renounce Religion


You were on level 8 of the Dungeon.
You worshipped Okawaru.
Okawaru was greatly pleased with you.
You were not hungry.

You visited 1 branch of the dungeon, and saw 8 of its levels.
You also visited: Sewer.

You collected 411 gold pieces.

Inventory:

Hand Weapons
 a - a +1 flail
 o - the +4 spear "Uguri" {pierce, *Rage rC+ rN++ Int+8}
   (You took it off an orc priest on level 8 of the Dungeon)

   It inflicts extra damage upon your enemies.
   It affects your intelligence (+8).
   It protects you from cold.
   It greatly protects you from negative energy.
   It may make you go berserk in combat.
 D - a +0 giant spiked club
 E - a +3 war axe of electrocution (weapon)
 G - a +2 flail of holy wrath
 I - a +3 morningstar
Missiles
 e - 13 tomahawks (quivered)
 l - 240 stones
Armour
 b - a +0 robe (worn)
 c - a +1 shield (worn)
Jewellery
 m - a +2 ring of strength (left hand)
Wands
 s - a wand of polymorph (21/24)
Scrolls
 g - 5 scrolls of teleportation
 h - a scroll of remove curse
 k - 5 scrolls of amnesia
 t - a scroll of fear
 y - a scroll of magic mapping
 C - a scroll of enchant weapon
Potions
 d - 6 potions of might
 i - 3 potions of brilliance {unknown}
 j - 3 potions of curing
 n - a potion of mutation {unknown}
 q - 2 potions of flight
 r - 3 potions of haste {unknown}
 u - a potion of magic
 w - a potion of heal wounds
 A - a potion of agility {unknown}
 F - a potion of invisibility {unknown}
Comestibles
 f - 9 bread rations
 p - a chunk of flesh
 x - 2 meat rations
 B - 2 royal jellies


   Skills:
 - Level 4.0 Fighting
 + Level 12.8 Maces & Flails
 - Level 2.6 Dodging
 - Level 2.6 Shields


You had 9 spell levels left.
You didn't know any spells.

Dungeon Overview and Level Annotations

Branches:
Dungeon (8/15)             Temple (0/1) D:4
   Lair: D:8-11

Altars:
Cheibriados
Fedhas
Okawaru
Sif Muna
Wu Jian
Yredelemnul
Zin
The Shining One

Shops:
D:4 *


Innate Abilities, Weirdness & Mutations

You are too large for most types of armour.
You have tough skin. (AC +1)


Message History

You feel yourself moving faster!
You feel mighty! The bullfrog hits you.
The gnoll sergeant hits you from afar with a spear.
The komodo dragon bites you.
You are too injured to fight recklessly!
Your shield prevents you from hitting the bullfrog.
You hit the komodo dragon but do no damage.
Lightning courses through the komodo dragon!
The bullfrog hits you!
The gnoll sergeant hits you but does no damage.
The komodo dragon bites you!!
* * * LOW HITPOINT WARNING * * *
You slice the bullfrog!!
You kill the bullfrog!
Okawaru accepts your kill.
You hit the komodo dragon.
Unknown command.
You barely miss the komodo dragon.
The komodo dragon is moderately wounded.
You block the gnoll sergeant's attack. The komodo dragon bites you!!
You die...

######### ##
#####.##.#..### #)##
........###.#.#####...#
..###....(....##..#...####
#..####...((.....)........
#### ######(.)(@)g......#
#.#....l.#.....
..###....#)....# ###
#####...##.# .### ##


You could see a komodo dragon and a gnoll sergeant.

Vanquished Creatures
  A hippogriff (D:8)
  A wyvern (D:8)
  A spriggan (D:7)
  Menkaure (D:4)
  A swamp drake (D:8)
  7 orc warriors
  2 black bears
  An ogre (D:6)
  A phantom (D:7)
  A crocodile (D:8)
  A centaur (D:8)
  3 bullfrogs
  A gnoll sergeant (D:7)
  2 scorpions
  4 killer bees (D:8)
  4 wights (D:7)
  2 crimson imps
  2 bullfrog zombies
  2 hounds
  3 orc priests
  5 orc wizards
  Ijyb (D:4)
  2 bullfrog skeletons (D:6)
  3 iguanas
  6 worker ants
  A hound zombie (D:5)
  A hound skeleton (D:8)
  16 gnolls
  4 river rats (Sewer)
  5 adders
  2 shadow imps
  An ooze (D:3)
  3 adder zombies
  3 adder skeletons
  3 worms
  3 dart slugs
  4 leopard geckos
  61 orcs
  4 bats
  5 giant cockroaches
  5 goblins
  8 hobgoblins
  7 jackals
  6 kobolds
  7 quokkas
  11 ball pythons
  8 frilled lizards
  22 rats
248 creatures vanquished.

Notes
Turn   | Place    | Note
-------+----------+-------------------------------------------
     0 | D:1      | Jeffwins the Ogre Fighter began the quest for the Orb.
     0 | D:1      | Reached XP level 1. HP: 24/24 MP: 1/1
     6 | D:1      | Noticed an iguana
     6 | D:1      | Noticed a worker ant
     7 | D:1      | Noticed a stone giant
    26 | D:1      | Reached skill level 2 in Maces & Flails
   297 | D:1      | Reached XP level 2. HP: 27/32 MP: 2/2
   804 | D:1      | Reached skill level 3 in Maces & Flails
   816 | D:1      | Reached XP level 3. HP: 25/39 MP: 3/3
  1542 | D:2      | Found a snail-covered altar of Cheibriados.
  1637 | D:2      | Found an iron altar of Okawaru.
  1678 | D:2      | Became a worshipper of Warmaster Okawaru
  2022 | D:2      | Reached XP level 4. HP: 48/48 MP: 4/4
  2434 | D:3      | Reached skill level 4 in Maces & Flails
  2903 | D:3      | Reached XP level 5. HP: 45/54 MP: 5/5
  3489 | D:3      | Reached skill level 5 in Maces & Flails
  3942 | D:4      | Reached XP level 6. HP: 58/62 MP: 6/6
  3945 | D:4      | Found Fifeack's Elemental Accessories.
  3962 | D:4      | Found an ornate altar of the Wu Jian Council.
  3981 | D:4      | Found a deep blue altar of Sif Muna.
  3982 | D:4      | Found a glowing golden altar of the Shining One.
  3982 | D:4      | Found a blossoming altar of Fedhas.
  4017 | D:4      | Noticed Ijyb
  4057 | D:4      | Killed Ijyb
  4107 | D:4      | Found a glowing drain.
  4111 | Sewer    | Entered a sewer
  4334 | Sewer    | Reached skill level 6 in Maces & Flails
  4781 | D:4      | Noticed Menkaure
  4791 | D:4      | Killed Menkaure
  4791 | D:4      | Reached XP level 7. HP: 20/70 MP: 7/7
  4807 | D:4      | Reached * piety under Okawaru
  5299 | D:4      | Found a staircase to the Ecumenical Temple.
  5414 | D:4      | Reached skill level 7 in Maces & Flails
  5760 | D:5      | Entered Level 5 of the Dungeon
  5760 | D:5      | Found a blossoming altar of Fedhas.
  7007 | D:6      | Reached skill level 8 in Maces & Flails
  7265 | D:6      | Reached XP level 8. HP: 73/78 MP: 8/8
  7270 | D:6      | Reached ** piety under Okawaru
  7601 | D:6      | Found a glowing silver altar of Zin.
  7714 | D:6      | Found a basalt altar of Yredelemnul.
  7812 | D:7      | Reached skill level 9 in Maces & Flails
  8457 | D:7      | Reached skill level 10 in Maces & Flails
  8462 | D:7      | Reached *** piety under Okawaru
  8516 | D:7      | Noticed a spriggan baker
  8524 | D:7      | Killed a spriggan baker
  8524 | D:7      | Reached XP level 9. HP: 56/84 MP: 9/9
  8869 | D:7      | Reached skill level 11 in Maces & Flails
  9344 | D:8      | Reached **** piety under Okawaru
  9592 | D:8      | Reached skill level 12 in Maces & Flails
  9852 | D:8      | Got a translucent spear {pierce}
  9853 | D:8      | Identified the +4 spear "Uguri" {pierce, *Rage rC+ rN++ Int+8} (You took it off an orc priest on level 8 of the Dungeon)
 10012 | D:8      | Reached XP level 10. HP: 71/92 MP: 10/10
 10241 | D:8      | Received a gift from Okawaru
 10255 | D:8      | Slain by a komodo dragon

Vault maps used:
D:1:      onia_arrival_zoo_common, minivault_26, minmay_rat_gold_closets
D:2:      okawaru_metal_pillars_3, first_bread, kennysheep_slug_shrine
D:4:      grunt_temple_overflow_open, temple_hall, gup_sewer_entry_bowl,
          nicolae_elemental_shop, uniq_ijyb, uniq_menkaure
D:5:      basic_altar
D:6:      lemuel_coloured_pillars_altar, yredelemnul_altar_generic,
          small_statue_intersection, hangedman_decor_peaks_small
D:7:      the_bakery
D:8:      erik_lair_dragon, special_room, uniq_erica
Sewer:    sewer_co_cracked_pipes

Skill      XL: |  1  2  3  4  5  6  7  8  9 |
---------------+----------------------------+-----
Maces & Flails | 2 3 4 5 6 8 10 12 | 12.8
Fighting       | |  4.0
Dodging        | |  2.6
Shields        | |  2.6

Action                   |  1- 3 |  4- 6 |  7- 9 | 10-12 || total
-------------------------+-------+-------+-------+-------++-------
Melee: Flail             |   161 |   240 |   177 |       ||   578
       War axe           |       |       |   228 |    22 ||   250
       Morningstar       |       |       |    19 |       ||    19
  Use: Potion            |     1 |       |     3 |     3 ||     7
       Scroll            |       |    10 |     4 |       ||    14
 Stab: Sleeping          |       |     1 |       |       ||     1
       Distracted        |       |       |     1 |       ||     1
       Confused          |       |       |       |     1 ||     1
  Eat: Chunk             |     4 |     9 |    17 |     1 ||    31
Armor: Robe              |    41 |    30 |    51 |     2 ||   124
       Skin              |       |       |    28 |       ||    28
Dodge: Dodged            |    73 |    67 |   100 |     4 ||   244
Block: Shield            |    76 |    90 |   185 |    13 ||   364

Table legend:
 A = Spawn XP
 B = Non-spawn XP
 C = Spawn XP percentage of total XP
 D = Spawn monster count
 E = Non-spawn monster count
 F = Spawn count percentage of total count
 G = Total turns spent on level
                    A         B        C        D         E        F      G
               +---------+---------+-------+---------+---------+-------+---------
         Total |       0 |    5418 |   0.0 |       0 |     248 |   0.0 | 10255
               +---------+---------+-------+---------+---------+-------+---------
           D:1 |       0 |      52 |   0.0 |       0 |      33 |   0.0 |  1486
           D:2 |       0 |      56 |   0.0 |       0 |      14 |   0.0 |  1390
           D:3 |       0 |     165 |   0.0 |       0 |      29 |   0.0 |   909
           D:4 |       0 |     402 |   0.0 |       0 |      25 |   0.0 |  1342
           D:5 |       0 |     247 |   0.0 |       0 |      15 |   0.0 |  1129
           D:6 |       0 |     567 |   0.0 |       0 |      19 |   0.0 |   919
           D:7 |       0 |    1541 |   0.0 |       0 |      35 |   0.0 |  1523
           D:8 |       0 |    2312 |   0.0 |       0 |      55 |   0.0 |   924
         Sewer |       0 |      76 |   0.0 |       0 |      23 |   0.0 |   633
               +---------+---------+-------+---------+---------+-------+---------
